 Dungeon Crawl Stone Soup version 0.30-a0-883-g5ad918d77d (webtiles) character file.

Game seed: 16738391228685240168

113 Hubris850 the Ducker (level 4, -6/21 HPs)
             Began as a Spriggan Transmuter on Mar 16, 2023.
             Was an Initiate of Wu Jian.
             Mangled by a sleepcap (19 damage)
             ... on level 4 of the Dungeon.
             The game lasted 00:06:05 (2447 turns).

Hubris850 the Ducker (Spriggan Transmuter)          Turns: 2447, Time: 00:06:05

Health: -6/21      AC:  3    Str:  6    XL:     4   Next: 65%
Magic:  9/9        EV:  4    Int: 16    God:    Wu Jian [......]
Gold:   226        SH:  0    Dex: 15    Spells: 5/8 levels left

rFire   . . .      SeeInvis +    l - +5 club (spect)
rCold   . . .      Faith    .    (no shield)
rNeg    . . .      Spirit   .    a - +0 robe
rPois   .          Reflect  .    (helmet restricted)
rElec   .          Rampage  .    o - +0 cloak
rCorr   .                        (gloves unavailable)
Will    .....                    (boots unavailable)
Stlth   +++                      (no amulet)
HPRegen 0.23/turn                (no ring)
MPRegen 0.11/turn                (no ring)

@: sleeping, very quick
A: very small, no large weapons, unfitting armour, see invisible, speed 3
a: Renounce Religion


You were on level 4 of the Dungeon.
You worshipped Wu Jian.
Wu Jian was noncommittal.
You visited 1 branch of the dungeon, and saw 4 of its levels.

You collected 226 gold pieces.

Inventory:

Hand Weapons
 c - a +2 vampiric short sword
 l - a +5 spectral club (weapon)
 u - the +2 whip of Fypreut {freeze, rF+ rN+ Will+ Str+3}
   (You found it on level 4 of the Dungeon)

   Str:       It affects your strength (+3).
   rF:        It protects you from fire.
   rN:        It protects you from negative energy.
   Will:      It increases your willpower.
Armour
 a - a +0 robe (worn)
 o - a +0 cloak (worn)
Jewellery
 q - an amulet of faith
 r - a ring of fire
Wands
 t - a wand of digging (4)
Scrolls
 d - 2 scrolls of immolation {unknown}
 f - a scroll of blinking {unknown}
 g - a scroll of enchant weapon {unknown}
 h - a scroll of enchant armour {unknown}
 j - a scroll of vulnerability {unknown}
 k - 2 scrolls of teleportation {unknown}
 p - 3 scrolls of identify {unknown}
Potions
 b - 2 potions of lignification
 e - 2 potions of curing {unknown}
 i - 2 potions of mutation {unknown}
 m - 2 potions of flight {unknown}
 n - a potion of attraction {unknown}
 s - a potion of degeneration {unknown}


   Skills:
 - Level 0.7 Fighting
 - Level 4.0 Dodging
 - Level 4.0 Stealth
 + Level 3.4 Unarmed Combat
 - Level 2.6 Spellcasting
 - Level 2.6 Transmutations


You had 5 spell levels left.
You knew the following spells:

 Your Spells              Type           Power      Damage    Failure   Level
a - Beastly Appendage     Tmut           20%        N/A       6%          1
b - Wereblood             Tmut           10%        N/A       10%         2

Your spell library contained the following spells:

 Spells                   Type           Power      Damage    Failure   Level
 Spider Form              Tmut/Pois      6%         N/A       32%         3
 Vhi's Electric Charge    Tloc/Air       4%         N/A       50%         3
 Ice Form                 Ice/Tmut       6%         N/A       73%         4
 Arcjolt                  Conj/Air       1%         1d11      99%         5
 Maxwell's Capacitive Co  Air            1%         ∞         100%        8


Dungeon Overview and Level Annotations

Branches:
Dungeon (4/15)
 Temple: D:4-7

Altars:
Hepliaklqana
Okawaru
Qazlal
Wu Jian

Shops:
D:3 [


Innate Abilities, Weirdness & Mutations

You are very small and have problems with some larger weapons.
You are too small for most types of armour.
You have supernaturally acute eyesight. (SInv)
You cover ground extremely quickly. (Speed+++)


Message History

The adder barely misses you. The adder completely misses you.
You hit the adder. You claw the adder.
The adder is severely wounded.
Your +5 spectral club misses the adder.
Your transformation is almost over.
The adder completely misses you. The adder bites you.
You are poisoned.
The adder poisons you!
You hit the adder. You claw the adder.
You kill the adder!
The Council accepts your kill.
You feel sick.
No target in view!
You feel sick.
You feel sick.
You feel sick.
You feel sick.
You are no longer poisoned.
Your horns disappear.
Your talons disappear.
You see here an adder corpse.
You now have 217 gold pieces (gained 11).
Found a stone staircase leading up.
You now have 226 gold pieces (gained 9).
A sleepcap comes into view.
A hobgoblin comes into view.
Found a stone staircase leading down.
The hobgoblin shouts!
You hit the sleepcap.
The sleepcap is lightly damaged.
The sleepcap barely misses you.
An adder comes into view.
The adder hisses angrily.
You hit the sleepcap.
The sleepcap is lightly damaged.
The sleepcap releases spores at you! The sleepcap releases spores at you.
You are engulfed in a cloud of soporific spores!
You fall asleep.
The sleepcap releases spores at you!!
Ouch! That really hurt!
You die...

#.# #.# # #.# .## #.#
####... ######.# .......
##......# .......
........# .......
#.......###########.......
.....<..........@fg......>
........###############.#.
##......# ........#
#########


You could see a sleepcap and a hobgoblin.

Vanquished Creatures
  A hound (D:4)
  Jessica (D:2)
  An adder (D:4)
  2 worms
  A dart slug (D:3)
  2 orcs (D:3)
  2 endoplasms (D:1)
  2 giant cockroaches (D:1)
  5 goblins
  4 hobgoblins
  2 kobolds (D:1)
  2 quokkas
  5 ball pythons
  4 bats
  2 frilled lizards (D:1)
  2 rats (D:1)
38 creatures vanquished.

Notes
Turn   | Place    | Note
-------+----------+-------------------------------------------
     0 | D:1      | Hubris850 the Spriggan Transmuter began the quest for the
                  | Orb.
     0 | D:1      | Reached XP level 1. HP: 9/9 MP: 5/5
   116 | D:1      | Reached skill level 1 in Stealth
   192 | D:1      | Reached XP level 2. HP: 14/14 MP: 6/6
   775 | D:2      | Learned a level 2 spell: Wereblood
  1021 | D:2      | Noticed Jessica
  1029 | D:2      | Killed Jessica
  1030 | D:2      | Reached XP level 3. HP: 4/17 MP: 6/8
  1794 | D:3      | Reached XP level 4. HP: 21/21 MP: 9/9
  1836 | D:3      | Found Igumots's Antique Armour Shop.
  1987 | D:3      | Found an ornate altar of the Wu Jian Council.
  1991 | D:3      | Found a hazy altar of Hepliaklqana.
  1995 | D:3      | Found a stormy altar of Qazlal.
  2001 | D:3      | Became a worshipper of the Wu Jian Council
  2118 | D:3      | Found an iron altar of Okawaru.
  2349 | D:4      | Identified the +2 whip of Fypreut {freeze, rF+ rN+ Will+
                  | Str+3}
  2447 | D:4      | Mangled by a sleepcap

Illustrated notes

Levels and vault maps discovered:
D:1:      heliophobic_arrival_ceremonial_halls, layout_loops_ring
D:2:      layout_loops_corners, minmay_octomino_e4, uniq_jessica
D:3:      layout_loops_ring, kennysheep_okawaru_gauntlet,
          grunt_temple_overflow_diamond, serial_shops, nicolae_shop_statue_plus,
          grunt_ministairs_8, kennysheep_decorative_pillar
D:4:      layout_basic, minmay_temple_entry_hall, minmay_goblin_outpost

Skill      XL: |  1  2  3  4 |
---------------+-------------+-----
Stealth        | 1 3 4 |  4.0
Dodging        | 3 4 |  4.0
Unarmed Combat | 3 |  3.4
Fighting       | |  0.7
Spellcasting   | |  2.6
Transmutations | |  2.6

Action                     |  1- 3 |  4- 6 || total
---------------------------+-------+-------++-------
  Melee: Unarmed           |    17 |       ||    17
         Short sword       |    62 |       ||    62
         Kick              |     3 |     4 ||     7
         Punch             |     1 |       ||     1
         Headbutt          |     3 |       ||     3
         Club              |    18 |    17 ||    35
   Cast: Beastly Appendage |     9 |     3 ||    12
   Stab: Sleeping          |     5 |     1 ||     6
 Armour: Robe              |     3 |     1 ||     4
  Dodge: Dodged            |    61 |    15 ||    76

Table legend: (Time is in decaauts)
 A = Elapsed time spent in this place.
 B = Non-inter-level travel time spent in this place.
 C = Inter-level travel time spent in this place.
 D = Time resting spent in this place.
 E = Time spent auto-exploring this place.
 F = Levels seen in this place.
 G = Mean time per level.
                   A        B        C        D        E       F      G
               +--------+--------+--------+--------+--------+-----+--------+
         Total |   1648 |   1588 |     60 |     56 |   1235 |   4 |  412.0 |
       Dungeon |   1648 |   1588 |     60 |     56 |   1235 |   4 |  412.0 |
               +--------+--------+--------+--------+--------+-----+--------+

Top non-repeatable levels by time:
     D:2: 639 daAuts
     D:1: 464 daAuts
     D:3: 403 daAuts
     D:4: 141 daAuts
